 Dungeon Crawl Stone Soup version 0.28.0-43-g3370ac3207 (webtiles) character file.

Game seed: 3399016865346137473

388 Peloso the Slasher (level 6, 0/53 HPs)
             Began as a Minotaur Fighter on Mar 22, 2022.
             Succumbed to a killer bee's poison
             ... on level 3 of the Dungeon.
             The game lasted 00:03:56 (3048 turns).

Peloso the Slasher (Minotaur Fighter)               Turns: 3048, Time: 00:03:57

Health: 0/53       AC:  8    Str: 18 (21) XL:     6   Next: 49%
Magic:  5/5        EV:  9    Int:  2 (5)  God:
Gold:   149        SH:  9    Dex: 10 (11) Spells: 5/5 levels left

rFire   . . .      SeeInvis .   a - +0 long sword
rCold   . . .      Faith    .   c - +0 buckler
rNeg    . . .      Spirit   .   b - +0 scale mail
rPois   .          Reflect  +   (helmet restricted)
rElec   .          Harm     .   (no cloak)
rCorr   .          Rampage  .   l - +0 pair of gloves
Will    .....                   (no boots)
Stlth   ..........              i - amulet of reflection
HPRegen 0.17/turn               j - +4 ring of slaying
MPRegen 0.09/turn               (no ring)

@: lethally poisoned (0 -> -8)
A: horns 2, retaliatory headbutt
a: no special abilities


You were on level 3 of the Dungeon.
You visited 1 branch of the dungeon, and saw 4 of its levels.

You collected 149 gold pieces.

Inventory:

Hand Weapons
 a - a +0 long sword (weapon)
Armour
 b - a +0 scale mail (worn)
 c - a +0 buckler (worn)
 l - a +0 pair of gloves (worn)
Jewellery
 f - a ring of ice
 i - an amulet of reflection (around neck)
 j - a +4 ring of slaying (left hand)
Scrolls
 e - 2 scrolls of identify {unknown}
 g - 2 scrolls of fear {unknown}
 h - a scroll of enchant weapon {unknown}
 p - a scroll of teleportation {unknown}
Potions
 d - a potion of might
 q - a potion of haste {unknown}


   Skills:
 + Level 4.7 Fighting
 + Level 5.9 Long Blades
 + Level 4.8 Armour
 + Level 1.8 Dodging
 + Level 4.8 Shields


You had 5 spell levels left.
You didn't know any spells.
Your spell library was empty.

Dungeon Overview and Level Annotations

Branches:
Dungeon (4/15)
 Temple: D:4-7

Altars:
Trog

Annotations:
D:3 1 runed translucent door, dangdung's ghost, amateur OpTm


Innate Abilities, Weirdness & Mutations

You have a pair of horns on your head.
You reflexively headbutt those who attack you in melee.


Message History

* * * LOW HITPOINT WARNING * * *
You feel very sick. You block the killer bee's attack. x2
It was a potion of heal wounds.
You feel much better.
You feel sick. The killer bee stings you. x2
You are more poisoned.
The killer bee poisons you!
You hit the killer bee.
The killer bee is moderately wounded.
You feel very sick. You block the killer bee's attack.
The killer bee stings you.
* * * LOW HITPOINT WARNING * * *
You are lethally poisoned!
The killer bee poisons you! You block the killer bee's attack.
You miss the killer bee. Your headbutt misses the killer bee.
The killer bee is moderately wounded.
* * * LOW HITPOINT WARNING * * *
You feel very sick. You block the killer bee's attack.
The killer bee stings you but does no damage.
Unknown command.
It was a potion of curing.
You feel better. You block the killer bee's attack.
The killer bee stings you but does no damage.
You miss the killer bee.
The killer bee is moderately wounded.
You block the killer bee's attack. x2
You hit the killer bee. Your headbutt misses the killer bee.
The killer bee is heavily wounded.
You block the killer bee's attack. The killer bee stings you!
* * * LOW HITPOINT WARNING * * *
The killer bee barely misses you.
You miss the killer bee.
The killer bee is heavily wounded.
You block the killer bee's attack. The killer bee stings you.
* * * LOW HITPOINT WARNING * * *
You are lethally poisoned!
The killer bee poisons you!
You miss the killer bee. Your headbutt misses the killer bee.
The killer bee is heavily wounded.
You die...

#.............####
#.................
#..<...........###
#..........(...###
#......).#####....
#........#####....
#y.>.........'....
#y############....
#@# #.... #.#
#.... #.# #....
#.# #.... #.#
#.... #.# #....
#.# #..). #.#
#.... #.# #....


You could see 2 killer bees.

Vanquished Creatures
  2 killer bees (D:3)
  4 wights (D:3)
  7 adders
  A worm (D:2)
  2 dart slugs
  7 endoplasms
  5 giant cockroaches
  5 goblins
  12 hobgoblins
  2 jackals (D:1)
  5 kobolds
  2 quokkas
  7 ball pythons
  A bat (D:3)
  2 frilled lizards (D:2)
  7 rats
71 creatures vanquished.

Notes
Turn   | Place    | Note
-------+----------+-------------------------------------------
     0 | D:1      | Peloso the Minotaur Fighter began the quest for the Orb.
     0 | D:1      | Reached XP level 1. HP: 19/19 MP: 0/0
   303 | D:1      | Reached XP level 2. HP: 27/27 MP: 1/1
   485 | D:1      | Found a faded altar of an unknown god.
   643 | D:1      | Reached skill level 3 in Long Blades
   838 | D:2      | Reached XP level 3. HP: 32/33 MP: 2/2
  1023 | D:2      | Reached XP level 4. HP: 40/40 MP: 3/3
  1271 | D:2      | Found a bloodstained altar of Trog.
  1279 | D:2      | Reached skill level 4 in Long Blades
  1612 | D:3      | Reached XP level 5. HP: 33/47 MP: 4/4
  1747 | D:3      | Found a runed translucent door.
  1748 | D:3      | Noticed dangdung's ghost (amateur OpTm)
  2035 | D:3      | Reached skill level 5 in Long Blades
  2043 | D:3      | Reached XP level 6. HP: 38/53 MP: 5/5
  2510 | D:3      | Reached skill level 1 in Dodging
  3047 | D:3      | HP: 2/53 [killer bee (3)]
  3048 | D:3      | Succumbed to a killer bee's poison

Illustrated notes

Levels and vault maps discovered:
D:1:      wander_arrival_abandoned_jail, layout_rooms,
          hellmonk_ecumenical_altar_heavens_door, roderic_serpentine_path,
          corexii_item_surrounded_by_moat
D:2:      cheibrodos_greedy_goblins, layout_rooms, basic_altar
D:3:      layout_basic, ebering_ghost_inner_flame
D:4:      layout_gridville

Skill      XL: |  1  2  3  4  5  6 |
---------------+-------------------+-----
Shields        | 4 |  4.8
Armour         | 4 |  4.8
Fighting       | 4 |  4.7
Long Blades    | 3 4 5 |  5.9
Dodging        | 1 |  1.8

Action                   |  1- 3 |  4- 6 || total
-------------------------+-------+-------++-------
Melee: Long sword        |    79 |    83 ||   162
       Headbutt          |     4 |     8 ||    12
  Use: Potion            |     1 |     4 ||     5
Armor: Scale mail        |    41 |    28 ||    69
Dodge: Dodged            |    44 |    35 ||    79
Block: Buckler           |    31 |    64 ||    95
       Reflection        |     3 |       ||     3
